 Dungeon Crawl Stone Soup version 0.27-a0-906-g0a00ce863d (webtiles) character file.

Game seed: 62654838440371359

4 EnegeticOcto the Magician (level 1, -5/15 HPs)
             Began as a Djinni Earth Elementalist on Apr 7, 2021.
             Slain by Sigmund
             ... wielding a +0 scythe
              (11 damage)
             ... on level 2 of the Dungeon.
             The game lasted 00:00:25 (55 turns).

EnegeticOcto the Magician (Djinni Earth Elementalist) Turns: 55, Time: 00:00:26

Health: -5/15      AC:  2    Str:  7    XL:     1   Next: 60%
Gold:   0          EV: 12    Int: 16    God:
                   SH:  0    Dex: 13

rFire    + + .     SeeInvis .   (no weapon)
rCold    x . .     Faith    .   (no shield)
rNeg     . . .     Spirit   .   c - +0 robe
rPois    ∞         Reflect  .   (no helmet)
rElec    .         Harm     .   (no cloak)
rCorr    .         Rampage  .   (no gloves)
Will     .....                  (boots unavailable)
Stlth    ++........             (no amulet)
HPRegen  0.05/turn              (no ring)
MPRegen  0.00/turn              (no ring)

@: flying
A: fire resistance 2, cold vulnerability 1, float, innate caster, hp casting,
extra vitality 1
a: no special abilities


You were on level 2 of the Dungeon.
You visited 1 branch of the dungeon, and saw 2 of its levels.

Inventory:

Missiles
 b - 34 stones
Armour
 c - a +0 robe (worn)


   Skills:
 - Level 2.1 Dodging
 - Level 1.5 Stealth
 + Level 2.9 Spellcasting


You couldn't memorise any spells.
You knew the following spells:

 Your Spells              Type           Power      Damage    Failure   Level
a - Sandblast             Erth           22%        2d7       5%          1
b - Stone Arrow           Conj/Erth      22%        3d8       17%         3
c - Petrify               Tmut/Erth      11%        N/A       50%         4
d - Lee's Rapid Deconstr  Erth           5%         3d7*      83%         5
p - Passwall              Tmut/Erth      9%         N/A       9%          2
Your spell library was empty.

Dungeon Overview and Level Annotations

Branches:
Dungeon (2/15)

Altars:

Annotations:
D:2 Sigmund


Innate Abilities, Weirdness & Mutations

You are immune to poison.
Your flesh is very heat resistant. (rF++)
You are vulnerable to cold. (rC-)
You float through the air rather than walking.
You learn spells naturally, not from books.
Your magical power is your life essence.
You have superior vitality. (+4 HP)


Message History

Welcome, EnegeticOcto the Djinni Earth Elementalist.
Will you be the one to retrieve the fabled Orb of Zot from the depths?
Press ? for a list of commands and other information.
Found a staircase leading out of the dungeon.
You begin with the following spells memorised: Sandblast, Passwall, Stone Arrow, Petrify, Lee's Rapid Deconstruction.
You reach down and open the door.
There is an open door here.
A giant cockroach comes into view.
Cast which spell? (? or * to list)
Aiming: Sandblast (safe; 6% risk of failure)
Press: ? - help, Shift-Dir - straight line, f - giant cockroach
Aim: a giant cockroach (21% to evade)
The blast of sand misses the giant cockroach.
The giant cockroach barely misses you.
Casting: Sandblast (safe; 6% risk of failure)
Confirm with . or Enter, or press ? or * to list all spells.
Aiming: Sandblast (safe; 6% risk of failure)
Press: ? - help, Shift-Dir - straight line, f/p - giant cockroach
Aim: a giant cockroach (21% to evade)
The blast of sand hits the giant cockroach.
The giant cockroach is severely wounded.
The giant cockroach bites you.
Casting: Sandblast (safe; 6% risk of failure)
Confirm with . or Enter, or press ? or * to list all spells.
Aiming: Sandblast (safe; 6% risk of failure)
Press: ? - help, Shift-Dir - straight line, f/p - giant cockroach
Aim: a giant cockroach (severely wounded, 21% to evade)
You miscast Sandblast.
You are very lightly contaminated with residual magic.
Nothing appears to happen.
The giant cockroach closely misses you.
Casting: Sandblast (safe; 6% risk of failure)
Confirm with . or Enter, or press ? or * to list all spells.
Aiming: Sandblast (safe; 6% risk of failure)
Press: ? - help, Shift-Dir - straight line, f/p - giant cockroach
Aim: a giant cockroach (severely wounded, 21% to evade)
The blast of sand hits the giant cockroach!
You kill the giant cockroach!
Found a hardcover book.
Your magical contamination has completely faded away.
Found a stone staircase leading down.
A kobold comes into view. It is wielding a +0 whip.
The kobold shouts!
A giant cockroach comes into view.
Casting: Sandblast (safe; 6% risk of failure)
Confirm with . or Enter, or press ? or * to list all spells.
Aiming: Sandblast (safe; 6% risk of failure)
Press: ? - help, Shift-Dir - straight line, f - kobold
Aim: a kobold, wielding a +0 whip (26% to evade)
The blast of sand hits the kobold.
You kill the kobold!
There is a stone staircase leading down here.
You fly downwards.
An endoplasm and a goblin come into view.
Found a hunting sling.
There is a stone staircase leading up here.
Casting: Sandblast (safe; 6% risk of failure)
Confirm with . or Enter, or press ? or * to list all spells.
Aiming: Sandblast (safe; 6% risk of failure)
Press: ? - help, Shift-Dir - straight line, f - endoplasm
Aim: an endoplasm (asleep, 0% to evade)
The blast of sand hits the endoplasm!
You kill the endoplasm!
Casting: Sandblast (safe; 6% risk of failure)
Confirm with . or Enter, or press ? or * to list all spells.
Aiming: Sandblast (safe; 6% risk of failure)
Press: ? - help, Shift-Dir - straight line, f - goblin
Aim: a goblin, wielding a +0 dagger and quivering stones (asleep, 0% to evade)
The blast of sand hits the goblin.
You kill the goblin!
You see here a +0 hunting sling.
b - 36 stones (gained 12)
Things that are here:
a +0 dagger; a +0 hunting sling; a goblin corpse A jackal and Sigmund come into view.
Sigmund gestures at you while chanting.
You are confused.
The jackal barks!
Unknown command.
You're too confused to cast spells.
You aren't carrying any potions.
Unknown command.
You bump into the rock wall.
Sigmund gestures at you while chanting. You resist with significant effort.
You feel less confused.
Casting: Sandblast (safe; 5% risk of failure)
Confirm with . or Enter, or press ? or * to list all spells.
Aiming: Sandblast (safe; 5% risk of failure)
Press: ? - help, Shift-Dir - straight line, f - Sigmund
Aim: Sigmund, wielding a +0 scythe and wearing a +0 robe (23% to evade)
The blast of sand misses Sigmund.
Sigmund barely misses you.
Casting: Sandblast (safe; 5% risk of failure)
Confirm with . or Enter, or press ? or * to list all spells.
Aiming: Sandblast (safe; 5% risk of failure)
Press: ? - help, Shift-Dir - straight line, f/p - Sigmund
Aim: Sigmund, wielding a +0 scythe and wearing a +0 robe (23% to evade)
The blast of sand hits Sigmund but does no damage.
Sigmund hits you from afar with a +0 scythe!
Ouch! That really hurt!
You die...

## .# . h# #. .# . .#
####. ##### @#
##....##...## .#
............####.######
#....))@.@h......
#<....####.......
##...## ####### #####


You could see Sigmund and a jackal.

Vanquished Creatures
  An endoplasm (D:2)
  A giant cockroach (D:1)
  A goblin (D:2)
  A kobold (D:1)
4 creatures vanquished.

Notes
Turn   | Place    | Note
-------+----------+-------------------------------------------
     0 | D:1      | EnegeticOcto the Djinni Earth Elementalist began the quest
                  | for the Orb.
     0 | D:1      | Reached XP level 1. HP: 15/15 MP: 0/0
    48 | D:2      | Noticed Sigmund
    55 | D:2      | Slain by Sigmund

Illustrated notes

Levels and vault maps discovered:
D:1:      amcnicky_arrival_feature_with_door, layout_basic,
          hangedman_decor_slide_cut, minmay_hedge_maze, minmay_indecisive_spiral
D:2:      layout_loops_ring, serial_shops, shop, basic_altar,
          ebering_ecumenical_altar_webs, minmay_tiny_reverse_x, uniq_sigmund,
          uniq_natasha

Action                   || total
-------------------------++-------
 Cast: Sandblast         ||     8
Dodge: Dodged            ||     3

Table legend: (Time is in decaauts)
 A = Elapsed time spent in this place.
 B = Non-inter-level travel time spent in this place.
 C = Inter-level travel time spent in this place.
 D = Time resting spent in this place.
 E = Time spent auto-exploring this place.
 F = Levels seen in this place.
 G = Mean time per level.
                   A        B        C        D        E       F      G
               +--------+--------+--------+--------+--------+-----+--------+
         Total |     54 |     54 |      0 |      0 |      0 |   2 |   27.0 |
       Dungeon |     54 |     54 |      0 |      0 |      0 |   2 |   27.0 |
               +--------+--------+--------+--------+--------+-----+--------+

Top non-repeatable levels by time:
     D:1: 36 daAuts
     D:2: 18 daAuts
